 Dungeon Crawl Stone Soup version 0.16-a0-3354-g045d5c7 (webtiles) character file.

91 BluebellGnoll the Chopper (level 4, 0/39 HPs)
             Began as a Minotaur Fighter on Dec 29, 2014.
             Killed from afar by an orc wizard (8 damage)
             ... with a magic dart
             ... on level 3 of the Dungeon.
             The game lasted 00:05:04 (1500 turns).

BluebellGnoll the Chopper (Minotaur Fighter)        Turns: 1500, Time: 00:05:05

Health: 0/39       AC:  6    Str: 22    XL:     4   Next: 34%
Magic:  2/2        EV:  7    Int:  5    God:
Gold:   138        SH:  9    Dex:  9    Spells: 0 memorised, 3 levels left

rFire  . . .     SeeInvis .     a - +0 war axe
rCold  . . .     Clarity  .     b - +0 scale mail
rNeg   . . .     SustAb   .     c - +0 shield
rPois  .         Gourm    .     (helmet restricted)
rElec  .         Spirit   .     (no cloak)
rCorr  .         Warding  .     (no gloves)
rMut   .         Stasis   .     (no boots)
MR     .....                    (no amulet)
Stlth  ..........               (no ring)
                                (no ring)

@: not resistant to hostile enchantments, extremely unstealthy
A: retaliatory headbutt, horns 2
a: no special abilities


You were on level 3 of the Dungeon.
You were not hungry.

You visited 1 branch of the dungeon, and saw 3 of its levels.

You collected 138 gold pieces.

Inventory:

Hand weapons
 a - a +0 war axe (weapon)
Missiles
 g - 55 stones (quivered)
 h - 13 bolts
Armour
 b - a +0 scale mail (worn)
 c - a +0 shield (worn)
Scrolls
 k - 3 scrolls of identify {unknown}
 m - a scroll of amnesia {unknown}
 q - a scroll of teleportation {unknown}
 s - 2 scrolls of remove curse {unknown}
Potions
 e - 2 potions of might
 i - 2 potions of curing {unknown}
 j - a potion of magic {unknown}
 o - a potion of degeneration {unknown}
 r - 2 potions of resistance {unknown}
Comestibles
 d - a bread ration
 f - a beef jerky
 l - 5 chunks of flesh
 n - a royal jelly
 p - a meat ration


   Skills:
 - Level 3.6 Fighting
 + Level 5.6 Axes
 - Level 3.6 Armour
 - Level 3.6 Shields


You had 3 spell levels left.
You didn't know any spells.

Dungeon Overview and Level Annotations

Branches:
Dungeon (3/15)

Altars:
Ashenzari
Elyvilon
Fedhas
Zin

Shops:
D:3 *


Innate Abilities, Weirdness & Mutations

You reflexively headbutt those who attack you in melee.
You have a pair of horns on your head.


Message History

The magic dart hits you!
You closely miss something. Your headbutt misses something.
Something hits you but does no damage.
You closely miss something.
An orc wizard appears from thin air!
Reactivating autopickup.
The orc wizard hits you but does no damage.
You miss the orc wizard. Your headbutt misses the orc wizard.
The orc wizard hits you but does no damage.
The orc wizard closely misses you.
You hit the orc wizard but do no damage.
You headbutt the orc wizard!
The orc wizard is severely wounded.
You feel less confused.
You closely miss the orc wizard.
You headbutt the orc wizard, but do no damage.
The orc wizard is severely wounded.
You block the orc wizard's attack.
The orc wizard gestures at you while chanting.
The magic dart hits you!
You die...

##### ...# . #
###.#######...
#.#?.@)........#
#.#.#o########.#
#...).........
###.##.######
#.# .# #.# .#
#.# .# #.# .#
#.# .#


You could see an orc wizard.

Vanquished Creatures
  An orc wizard (D:3)
  A worm (D:2)
  3 orcs (D:3)
  11 bats
  6 giant cockroaches
  10 goblins
  2 hobgoblins
  3 jackals (D:3)
  7 kobolds
  A quokka (D:1)
  A ball python (D:2)
  A giant gecko (D:2)
  A giant newt (D:2)
  4 rats (D:1)
52 creatures vanquished.

Notes
Turn   | Place    | Note
--------------------------------------------------------------
     0 | D:1      | BluebellGnoll, the Minotaur Fighter, began the quest for the Orb.
     0 | D:1      | Reached XP level 1. HP: 19/19 MP: 1/1
   142 | D:1      | Reached XP level 2. HP: 20/26 MP: 1/1
   387 | D:1      | Reached skill level 4 in Axes
   852 | D:2      | Reached XP level 3. HP: 27/31 MP: 2/2
   896 | D:2      | Found a shattered altar of Ashenzari.
   898 | D:2      | Found a blossoming altar of Fedhas.
   960 | D:2      | Found a white marble altar of Elyvilon.
  1244 | D:3      | Reached skill level 5 in Axes
  1320 | D:3      | Found Zin's Purification Station.
  1322 | D:3      | Found a glowing silver altar of Zin.
  1492 | D:3      | Reached XP level 4. HP: 7/39 MP: 2/2
  1500 | D:3      | Killed from afar by an orc wizard

Action                   |  1- 3 |  4- 6 || total
-------------------------+-------+-------++-------
Melee: War axe           |   116 |     6 ||   122
  Eat: Chunk             |     2 |       ||     2
